 Dungeon Crawl Stone Soup version 0.25.1-2-g60ff931df9 (webtiles) character file.

Game seed: 11399376579851092224

203 Mitsuki the Firebug (level 5, -3/28 HPs)
             Began as a Deep Elf Fire Elementalist on Aug 4, 2020.
             Slain by a gnoll
             ... wielding a +0 club
              (7 damage)
             ... on level 3 of the Dungeon.
             The game lasted 00:19:14 (4194 turns).

Mitsuki the Firebug (Deep Elf Fire Elementalist)    Turns: 4194, Time: 00:19:14

Health: -3/28      AC:  3    Str:  5    XL:     5   Next: 51%
Magic:  12/13      EV: 13    Int: 21    God:
Gold:   161        SH:  0    Dex: 15    Spells: 10/12 levels left

rFire    . . .     SeeInvis .   g - +0 hand axe
rCold    . . .     Gourm    .   (no shield)
rNeg     . . .     Faith    .   a - +0 robe
rPois    .         Spirit   .   (no helmet)
rElec    .         Reflect  .   b - +0 cloak
rCorr    .         Harm     .   (no gloves)
MR       .....                  (no boots)
Stlth    +++.......             (no amulet)
HPRegen  0.09/turn              k - ring of stealth
MPRegen  0.13/turn              (no ring)

@: very slightly contaminated
A: no striking features
a: no special abilities


You were on level 3 of the Dungeon.
You were not hungry.

You visited 1 branch of the dungeon, and saw 4 of its levels.

You collected 161 gold pieces.

Inventory:

Hand Weapons
 g - a +0 hand axe (weapon)
 s - a +1 short sword of flaming
Armour
 a - a +0 robe (worn)
 b - a +0 cloak (worn)
Jewellery
 k - a ring of stealth (left hand)
Scrolls
 e - a scroll of enchant weapon {unknown}
 h - 2 scrolls of blinking {unknown}
 i - a scroll of enchant armour {unknown}
 m - a scroll of random uselessness {unknown}
 n - 2 scrolls of remove curse {unknown}
 p - a scroll of identify {unknown}
Potions
 d - a potion of heal wounds {unknown}
 f - a potion of curing
 j - a potion of stabbing {unknown}
 l - a potion of ambrosia {unknown}
 o - 2 potions of berserk rage {unknown}
 q - a potion of flight {unknown}
 r - 2 potions of lignification {unknown}
Comestibles
 c - 4 rations


   Skills:
 - Level 2.4 Dodging
 - Level 2.4 Stealth
 - Level 4.3 Spellcasting
 * Level 3.1 Conjurations
 + Level 1.0 Translocations
 * Level 5.3 Fire Magic


You had 10 spell levels left.
You knew the following spells:

 Your Spells              Type           Power        Failure   Level  Hunger
a - Foxfire               Conj/Fire      ###.         1%          1    None
b - Apportation           Tloc           #.....       8%          1    None

Your spell library contained the following spells:

 Spells                   Type           Power        Failure   Level  Hunger
 Conjure Flame            Conj/Fire      ###.....     6%          3    ##.....
 Animate Skeleton         Necr           N/A          12%         1    None
 Corona                   Hex            #......      12%         1    None
 Summon Small Mammal      Summ           #...         12%         1    None
 Inner Flame              Hex/Fire       ###.....     12%         3    ##.....
 Sticky Flame             Conj/Fire      ###.....     21%         4    ####...
 Fireball                 Conj/Fire      ###.......   50%         5    ######.


Dungeon Overview and Level Annotations

Branches:
Dungeon (4/15)
 Temple: D:4-7

Altars:
Qazlal
Trog
Xom


Message History

You take 14 damage, and have 13/28 hp.
MASSIVE DAMAGE!!
The gnoll barely misses you. The leopard gecko closely misses you.
The gnoll closely misses you.
The gnoll hits you from afar with a +0 spear!
* * * LOW HITPOINT WARNING * * *
The gnoll closely misses you.
You climb upwards.
There is a stone staircase leading down here.
You take 11 damage, and have 2/28 hp.
MASSIVE DAMAGE!!
It was a potion of curing.
You feel better. The leopard gecko misses you.
The gnoll hits you with a +0 club.
* * * LOW HITPOINT WARNING * * *
The gnoll completely misses you.
Casting: Foxfire (safe; 1% risk of failure)
Confirm with . or Enter, or press ? or * to list all spells.
You miscast Foxfire.
You are very lightly contaminated with residual magic.
Nothing appears to happen.
The leopard gecko barely misses you. The gnoll hits you with a +0 club!
You die...

#.# #.# #.#.#
#.####'#######.#.#
#...........##.#.#
#...........##.#.#
#...........##.#.#
#...........##...#
#...........###..#
#...........# #gg#
#..)).......# #.@#
#..[........# ##l#
#)####'#########.##############
#.# #........................#
#.##############.############.#
#..รท.............# #.#
################## #.#
.................# #.#
################.# #.#


You could see 2 gnolls and a leopard gecko.

Vanquished Creatures
  2 worker ants (D:4)
  9 adders
  A worm (D:3)
  3 leopard geckos
  8 orcs (D:3)
  7 bats
  A giant cockroach (D:4)
  3 goblins
  11 hobgoblins
  3 jackals (D:2)
  2 quokkas (D:2)
  8 frilled lizards
  3 kobolds
  5 rats
66 creatures vanquished.

Vanquished Creatures (others)
  195 foxfires
195 creatures vanquished.

Grand Total: 261 creatures vanquished

Notes
Turn   | Place    | Note
-------+----------+-------------------------------------------
     0 | D:1      | Mitsuki the Deep Elf Fire Elementalist began the quest for
                  | the Orb.
     0 | D:1      | Reached XP level 1. HP: 10/10 MP: 6/6
   447 | D:1      | Reached XP level 2. HP: 15/15 MP: 8/8
   747 | D:2      | Reached skill level 4 in Fire Magic
   979 | D:2      | Reached XP level 3. HP: 7/19 MP: 5/10
  1481 | D:2      | Reached XP level 4. HP: 24/24 MP: 7/11
  1983 | D:2      | Found a bloodstained altar of Trog.
  2533 | D:3      | Reached skill level 5 in Fire Magic
  2640 | D:3      | Learned a level 1 spell: Apportation
  2665 | D:3      | Reached XP level 5. HP: 28/28 MP: 9/13
  3017 | D:3      | Found a stormy altar of Qazlal.
  3383 | D:4      | Found a shimmering altar of Xom.
  3384 | D:4      | Found a shimmering altar of Xom.
  3397 | D:4      | Found a shimmering altar of Xom.
  3397 | D:4      | Found a shimmering altar of Xom.
  3403 | D:4      | Reached skill level 1 in Translocations
  3456 | D:4      | HP: 1/28 [orc priest/divine providence (15)]
  4194 | D:3      | Slain by a gnoll

Illustrated notes

Levels and vault maps discovered:
D:1:      heliophobic_arrival_enchanted_forest, layout_loops_cross,
          minmay_heptomino_d4
D:2:      layout_basic, trog_book
D:3:      layout_basic, lemuel_crystal_altar
D:4:      layout_loops_ring, first_ration, xom_redecorated

Skill      XL: |  1  2  3  4  5 |
---------------+----------------+-----
Fire Magic     | 4 5 |  5.3
Conjurations   | 2 3 |  3.1
Spellcasting   | 4 |  4.3
Translocations | 1 |  1.0
Dodging        | |  2.4
Stealth        | |  2.4

Action                   |  1- 3 |  4- 6 || total
-------------------------+-------+-------++-------
Melee: Hand axe          |     2 |    13 ||    15
 Cast: Foxfire           |    41 |    95 ||   136
       Apportation       |       |     1 ||     1
  Use: Potion            |       |     1 ||     1
  Eat: Chunk             |     2 |     6 ||     8
       Ration            |       |     1 ||     1
Armor: Robe              |     5 |     6 ||    11
Dodge: Dodged            |    12 |    40 ||    52
